 Dungeon Crawl Stone Soup version 0.29-a0-468-ge57f7f99b4 (webtiles) character file.

Game seed: 12347062674099072167

3486 dabmancer the Magician (level 10, 0/69 HPs)
             Began as a Gnoll Warper on May 21, 2022.
             Was an Initiate of Yredelemnul.
             Shot with a sling bullet by Joseph (8 damage)
             ... on level 7 of the Dungeon.
             The game lasted 01:20:10 (13407 turns).

dabmancer the Magician (Gnoll Warper)              Turns: 13407, Time: 01:20:10

Health: 0/69       AC:  9    Str: 11 (13) XL:     10   Next: 7%
Magic:  16/18      EV: 14    Int: 13      God:    Yredelemnul [......]
Gold:   107        SH:  0    Dex: 12 (13) Spells: 15/23 levels left

rFire   + . .      SeeInvis +   I - +1 rapier (venom)
rCold   . . .      Faith    .   (no shield)
rNeg    . . .      Spirit   .   T - +2 leather armour {rPois}
rPois   +          Reflect  .   k - +0 helmet
rElec   .          Harm     .   m - +0 cloak
rCorr   .          Rampage  .   o - +0 pair of gloves
Will    .....                   (no boots)
Stlth   ++........              y - amulet of the acrobat
HPRegen 0.21/turn               M - ring of see invisible
MPRegen 0.16/turn               l - ring of protection from fire

@: on blink cooldown
A: fangs 1, strong nose, distributed training, claws 1, deterioration 1, frail
1, low MP 1
a: Renounce Religion, Recall Undead Harvest


You were on level 7 of the Dungeon.
You worshipped Yredelemnul.
Yredelemnul was noncommittal.
You visited 2 branches of the dungeon, and saw 8 of its levels.

You collected 507 gold pieces.
You spent 400 gold pieces at shops.

Inventory:

Hand Weapons
 a - a +0 falchion
 d - a +0 halberd
 g - a +0 hunting sling
 j - a +0 quarterstaff
 u - a +1 dagger of freezing
 x - a +0 whip of freezing
 C - a +0 glaive
 I - a +1 rapier of venom (weapon)
 K - a +0 hunting sling
 U - a +2 antimagic trident
 X - a +4 spear
 Z - a +4 war axe of freezing
Missiles
 q - 2 boomerangs (quivered)
 s - 172 stones
Armour
 b - a +0 leather armour
 f - a +0 ring mail
 k - a +0 helmet (worn)
 m - a +0 cloak (worn)
 o - a +0 pair of gloves (worn)
 p - a +0 plate armour
 v - a +0 ring mail
 B - a +0 chain mail
 G - a +0 scale mail
 P - a +0 robe
 T - a +2 leather armour of poison resistance (worn)
Jewellery
 e - a ring of protection from cold
 l - a ring of protection from fire (right hand)
 y - an amulet of the acrobat (around neck)
 M - a ring of see invisible (left hand)
Wands
 F - a wand of paralysis (10)
 W - a wand of iceblast (7)
Scrolls
 c - 2 scrolls of blinking
 h - 5 scrolls of vulnerability
 n - a scroll of enchant armour {unknown}
 t - a scroll of amnesia {unknown}
 w - a scroll of summoning {unknown}
 E - 2 scrolls of noise
 J - a scroll of teleportation {unknown}
 L - a scroll of torment {unknown}
 N - 2 scrolls of silence
 R - a scroll of brand weapon {unknown}
 V - a scroll of magic mapping {unknown}
Potions
 i - a potion of curing
 r - 2 potions of degeneration {unknown}
 z - a potion of haste {unknown}
 A - 2 potions of lignification
 D - a potion of attraction
 H - a potion of brilliance
 O - 2 potions of ambrosia


   Skills:
 + Level 6.8 Fighting
 + Level 4.9 Short Blades
 + Level 6.8 Long Blades
 + Level 4.9 Axes
 + Level 4.9 Maces & Flails
 + Level 4.9 Polearms
 + Level 4.9 Staves
 + Level 4.9 Slings
 + Level 4.9 Bows
 + Level 4.9 Crossbows
 + Level 5.6 Throwing
 + Level 5.6 Armour
 + Level 6.8 Dodging
 + Level 4.9 Stealth
 + Level 4.9 Shields
 + Level 4.9 Unarmed Combat
 + Level 7.1 Spellcasting
 + Level 4.0 Conjurations
 + Level 4.0 Hexes
 + Level 4.0 Summonings
 + Level 4.0 Necromancy
 + Level 6.9 Translocations
 + Level 4.0 Transmutations
 + Level 4.0 Fire Magic
 + Level 4.0 Ice Magic
 + Level 4.0 Air Magic
 + Level 4.0 Earth Magic
 + Level 4.0 Poison Magic
 + Level 5.4 Invocations
 + Level 4.9 Evocations


You had 15 spell levels left.
You knew the following spells:

 Your Spells              Type           Power      Damage    Failure   Level
a - Teleport Other        Tloc           22%        N/A       3%          3
b - Blink                 Tloc           44%        N/A       1%          2
c - Lesser Beckoning      Tloc           22%        N/A       3%          3

Your spell library contained the following spells:

 Spells                   Type           Power      Damage    Failure   Level
 Slow                     Hex            60%        N/A       3%          1
 Gell's Gravitas          Tloc           22%        N/A       3%          3
 Sublimation of Blood     Necr           15%        N/A       5%          2
 Wereblood                Tmut           15%        N/A       5%          2
 Confusing Touch          Hex            15%        N/A       11%         3
 Frozen Ramparts          Ice            30%        1d5       11%         3
 Vampiric Draining        Necr           15%        2d7       11%         3
 Manifold Assault         Tloc           22%        N/A       30%         5
 Ice Form                 Ice/Tmut       15%        N/A       34%         4
 Summon Ice Beast         Ice/Summ       15%        N/A       34%         4
 Summon Hydra             Summ           7%         N/A       100%        7


Dungeon Overview and Level Annotations

Branches:
Dungeon (7/15)             Temple (1/1) D:5

Altars:
Ashenzari
Cheibriados
Dithmenos
Elyvilon
Fedhas
Gozag
Hepliaklqana
Kikubaaqudgha
Makhleb
Nemelex Xobeh
Okawaru
Qazlal
Ru
Sif Muna
Trog
Uskayaw
Vehumet
Wu Jian
Xom
Yredelemnul
Zin

Shops:
D:4 *(!(   D:7 [

Annotations:
D:7 Joseph


Innate Abilities, Weirdness & Mutations

You have very sharp teeth.
Your uncanny sense of smell can sniff out nearby items.
Your experience applies equally to all skills.
You have sharp fingernails.
Your body sometimes deteriorates upon taking damage.
You are frail. (-10% HP)
Your magical capacity is low. (-10% MP)


Message History

You start waiting.
Done waiting.
Y - a silver javelin
Y - 2 silver javelins (gained 1)
Y - 3 silver javelins (gained 1)
You now have 101 gold pieces (gained 7).
You now have 107 gold pieces (gained 6).
Found a chain mail.
Found a snail-covered altar of Cheibriados.
Found 15 gold pieces.
You see here a +0 chain mail.
B - a +0 chain mail You see here a +0 giant club.
You open the door.
Found a blossoming altar of Fedhas.
You throw a silver javelin.
Joseph shouts!
The silver javelin pierces through Joseph!
Joseph is lightly wounded.
You throw a silver javelin.
The silver javelin pierces through Joseph but does no damage.
Joseph is lightly wounded.
Joseph shoots a sling bullet.
The sling bullet hits you!
Your body deteriorates!
You feel clumsy.
You throw a silver javelin.
The silver javelin pierces through Joseph.
Joseph is moderately wounded.
You throw a boomerang. The boomerang barely misses Joseph.
Joseph shoots a sling bullet.
The sling bullet hits you!
You throw a boomerang. The boomerang barely misses Joseph.
Joseph shoots a sling bullet.
The sling bullet hits you!
Your body deteriorates!
You feel weakened.
Joseph shoots a sling bullet.
The sling bullet hits you!!
* * * LOW HITPOINT WARNING * * *
Your body deteriorates!
You feel weakened.
Casting: Blink (safe; 1% risk of failure)
Confirm with . or Enter, or press ? or * to list all spells.
You blink.
Joseph shoots a sling bullet.
The sling bullet hits you!
You die...
Your body rises from the dead as a mindless zombie.

##........#.#.#### ##.....≈.≈...≈
#........##.#.#..####.#...≈.≈._.≈
##........#.#.##.#..####..≈.≈...≈
##.......##.#.##....####..≈.:....
........###.#.#..(...#.##.≈.≈≈≈≈≈
.)......##..#..>.................
###....##..###.......##..........
###.......§##.........##....#####
#.).).......@...@#..#######.#
...##'##.#......###.# #.#
.#.##.####..........# #.#
).###.####.....#.##.#######.#####
).+..∩..'......#.##.......#.#....
..###.###.................#.#....
....#.#..........#........#.#....
#...#'#....#..............#.#....
#..##......##..#....#######.#####


You could see Joseph.

Vanquished Creatures
  Pikel (D:7)
  A hornet (D:7)
  Eustachio (D:5)
  A water moccasin (D:7)
  A sky beast (D:7)
  4 black bears
  2 ogres
  A centaur (D:5)
  A lemure (D:6)
  A phantom (D:5)
  2 gnoll sergeants (D:7)
  2 scorpions
  3 wights (D:7)
  4 killer bees
  A howler monkey (D:6)
  4 hounds
  5 orc priests
  4 iguanas
  6 orc wizards
  14 gnolls
  6 adders
  A shadow imp (D:7)
  A white imp (D:6)
  An ufetubus (D:5)
  A worm (D:4)
  2 dart slugs
  20 orcs
  6 bats
  7 endoplasms
  2 giant cockroaches (D:1)
  5 hobgoblins
  7 kobolds
  2 quokkas (D:1)
  9 ball pythons
  3 frilled lizards
  8 goblins
  3 rats
143 creatures vanquished.

Vanquished Creatures (collateral kills)
  Prince Ribbit (D:7)
  A sky beast (D:7)
  An ogre (D:7)
  2 gnolls (D:7)
  A hobgoblin (D:6)
6 creatures vanquished.

Vanquished Creatures (others)
  A hornet zombie (D:7)
  A water moccasin zombie (D:7)
  2 black bear zombies (D:7)
  An orc wizard (D:5)
  A sky beast zombie (D:7)
  A hound zombie (D:7)
  2 gnoll zombies (D:7)
  An orc zombie (D:7)
10 creatures vanquished.

Grand Total: 159 creatures vanquished

Notes
Turn   | Place    | Note
-------+----------+-------------------------------------------
     0 | D:1      | dabmancer the Gnoll Warper began the quest for the Orb.
     0 | D:1      | Reached XP level 1. HP: 20/20 MP: 6/6
   151 | D:1      | Reached XP level 2. HP: 26/26 MP: 7/7
   577 | D:1      | Learned a level 2 spell: Blink
   670 | D:1      | Reached XP level 3. HP: 31/31 MP: 9/9
   787 | D:1      | Reached skill level 5 in Spellcasting
   988 | D:1      | Learned a level 3 spell: Teleport Other
   992 | D:1      | Learned a level 3 spell: Lesser Beckoning
  1204 | D:2      | Reached skill level 1 in Invocations
  1518 | D:1      | Reached skill level 1 in Short Blades
  1518 | D:1      | Reached skill level 1 in Axes
  1518 | D:1      | Reached skill level 1 in Maces & Flails
  1518 | D:1      | Reached skill level 1 in Polearms
  1518 | D:1      | Reached skill level 1 in Staves
  1518 | D:1      | Reached skill level 1 in Slings
  1518 | D:1      | Reached skill level 1 in Bows
  1518 | D:1      | Reached skill level 1 in Crossbows
  1518 | D:1      | Reached skill level 1 in Stealth
  1518 | D:1      | Reached skill level 1 in Shields
  1518 | D:1      | Reached skill level 1 in Unarmed Combat
  1518 | D:1      | Reached skill level 1 in Evocations
  1524 | D:2      | Reached XP level 4. HP: 30/38 MP: 11/11
  1594 | D:2      | Found a faded altar of an unknown god.
  1824 | D:2      | Reached skill level 1 in Conjurations
  1824 | D:2      | Reached skill level 1 in Hexes
  1824 | D:2      | Reached skill level 1 in Summonings
  1824 | D:2      | Reached skill level 1 in Necromancy
  1824 | D:2      | Reached skill level 1 in Transmutations
  1824 | D:2      | Reached skill level 1 in Fire Magic
  1824 | D:2      | Reached skill level 1 in Ice Magic
  1824 | D:2      | Reached skill level 1 in Air Magic
  1824 | D:2      | Reached skill level 1 in Earth Magic
  1824 | D:2      | Reached skill level 1 in Poison Magic
  2869 | D:3      | Reached XP level 5. HP: 42/43 MP: 12/12
  3595 | D:3      | Gained mutation: Your mind is acute. (Int +2) [potion of
                  | mutation]
  3595 | D:3      | Gained mutation: Your spells are a little harder to cast,
                  | but a little more powerful. [potion of mutation]
  3596 | D:3      | Lost mutation: Your spells are a little harder to cast, but
                  | a little more powerful. [potion of mutation]
  3596 | D:3      | Lost mutation: Your mind is acute. (Int +2) [potion of
                  | mutation]
  3596 | D:3      | Gained mutation: Your magical capacity is low. (-10% MP)
                  | [potion of mutation]
  4034 | D:4      | Found Maizaate's General Store.
  4065 | D:4      | Bought 5 boomerangs for 32 gold pieces
  4065 | D:4      | Bought a potion of heal wounds for 65 gold pieces
  4065 | D:4      | Bought a potion of attraction for 39 gold pieces
  4080 | D:4      | Found Menotiucs's Distillery.
  4087 | D:4      | Bought a potion of curing for 36 gold pieces
  4106 | D:4      | Found Giwip's Weapon Emporium.
  4154 | D:4      | Reached XP level 6. HP: 50/50 MP: 12/12
  4892 | D:4      | Reached skill level 5 in Fighting
  4892 | D:4      | Reached skill level 5 in Long Blades
  4892 | D:4      | Reached skill level 5 in Dodging
  5778 | D:4      | Reached XP level 7. HP: 53/56 MP: 13/13
  6122 | D:4      | Found Conoess's Antique Weapon Shop.
  6149 | D:4      | Bought a potion of mutation for 96 gold pieces
  6149 | D:4      | Lost mutation: Your magical capacity is low. (-10% MP)
                  | [potion of mutation]
  6149 | D:4      | Gained mutation: You are robust. (+10% HP) [potion of
                  | mutation]
  6149 | D:4      | Gained mutation: Armour fits poorly on your strangely
                  | shaped body. [potion of mutation]
  6149 | D:4      | Gained mutation: Your magical capacity is low. (-10% MP)
                  | [potion of mutation]
  6149 | D:4      | Gained mutation: You have sharp toenails. [potion of
                  | mutation]
  6612 | D:5      | Entered Level 5 of the Dungeon
  6794 | D:5      | HP: 3/61 [poisoned by a scorpion]
  7309 | D:5      | Noticed Eustachio
  8351 | D:5      | Reached XP level 8. HP: 66/69 MP: 15/15
  8545 | D:5      | Lost mutation: You are robust. (+10% HP) [potion of
                  | mutation]
  8545 | D:5      | Lost mutation: You have sharp toenails. [potion of
                  | mutation]
  8545 | D:5      | Lost mutation: Armour fits poorly on your strangely shaped
                  | body. [potion of mutation]
  8545 | D:5      | Gained mutation: You are frail. (-10% HP) [potion of
                  | mutation]
  8545 | D:5      | Gained mutation: Your body sometimes deteriorates upon
                  | taking damage. [potion of mutation]
  8545 | D:5      | Gained mutation: You have sharp fingernails. [potion of
                  | mutation]
  8621 | D:5      | Found a staircase to the Ecumenical Temple.
  8706 | Temple   | Entered the Ecumenical Temple
  8880 | Temple   | Became a worshipper of Yredelemnul the Dark
  8966 | D:5      | Killed Eustachio
  9293 | D:6      | Reached skill level 6 in Spellcasting
  9324 | D:6      | Found a shadowy altar of Dithmenos.
 10161 | D:6      | Found a hazy altar of Hepliaklqana.
 10347 | D:6      | Reached * piety under Yredelemnul
 10349 | D:6      | Found an iron altar of Okawaru.
 10426 | D:7      | Noticed Pikel
 10574 | D:7      | Killed Pikel
 10575 | D:7      | Reached XP level 9. HP: 23/62 MP: 12/16
 11305 | D:7      | Noticed a hornet
 11310 | D:7      | Killed a hornet
 11324 | D:7      | Reached skill level 5 in Throwing
 11324 | D:7      | Reached skill level 5 in Armour
 11379 | D:7      | Found a stormy altar of Qazlal.
 11379 | D:7      | Found a radiant altar of Vehumet.
 12031 | D:7      | Found a bloodstained altar of Trog.
 12055 | D:7      | Reached skill level 5 in Invocations
 12364 | D:7      | Found Uvvoivegh's Antique Armour Shoppe.
 12394 | D:7      | Noticed Joseph
 12410 | D:7      | Found a glowing silver altar of Zin.
 12493 | D:6      | HP: 2/63 [killer bee (8)]
 12821 | D:4      | Bought a potion of curing for 36 gold pieces
 12821 | D:4      | Bought a potion of ambrosia for 96 gold pieces
 12938 | D:7      | Noticed Prince Ribbit
 12995 | D:7      | Reached skill level 7 in Spellcasting
 13027 | D:7      | Killed Prince Ribbit
 13028 | D:7      | Reached XP level 10. HP: 69/69 MP: 18/18
 13278 | D:7      | Found a snail-covered altar of Cheibriados.
 13332 | D:7      | Found a blossoming altar of Fedhas.
 13407 | D:7      | Shot with a sling bullet by Joseph

Illustrated notes

Levels and vault maps discovered:
D:1:      mainiacjoe_arrival_reflecting_pool, layout_basic
D:2:      layout_rooms, nicolae_ecumenical_snake_handling
D:3:      wad_pebble_path, layout_loops_corners, minivault_14
D:4:      layout_layer_cave, serial_shops, nicolae_shop_statue_plus,
          shop_statue, nicolae_shop_advertising_works
          [nicolae_subvault_shop_adworks], shop
D:5:      layout_loops_ring, minmay_temple_entry_hall, dk_noncrumbling_3,
          uniq_eustachio
D:6:      layout_basic, mainiacjoe_overflow_24_doors,
          worldfamousw_hep_ancestral_shrine, okawaru_altar_gauntlet_db
D:7:      layout_cave_pools, nicolae_overflow_hidden_temple,
          trog_ov_bears_minmay, kennysheep_mini_moat,
          gammafunk_temple_overflow_pools, mainiacjoe_overflow_cross_hatched,
          serial_shops, nicolae_shop_hallway_plus, serial_co_window_serial,
          co_window_corner_a, co_window_paths_a, co_window_corner_a,
          co_window_paths_b, co_window_paths_a, co_window_paths_c,
          co_window_unsneaky_path_c, co_window_broadway_c, co_window_2corner,
          co_window_of_opportunity_c, co_window_2corner, co_window_paths_c,
          glass_columns_c, glass_columns_b, uniq_joseph, uniq_prince_ribbit1,
          uniq_pikel
Temple:   nicolae_temple_hex_pool

Skill      XL: |  1  2  3  4  5  6  7  8  9 |
---------------+----------------------------+-----
Spellcasting   | 5 6 7 |  7.1
Invocations    | 1 2 3 4 5 |  5.4
Short Blades   | 1 2 3 4 |  4.9
Axes           | 1 2 3 4 |  4.9
Maces & Flails | 1 2 3 4 |  4.9
Polearms       | 1 2 3 4 |  4.9
Staves         | 1 2 3 4 |  4.9
Slings         | 1 2 3 4 |  4.9
Bows           | 1 2 3 4 |  4.9
Crossbows      | 1 2 3 4 |  4.9
Stealth        | 1 2 3 4 |  4.9
Shields        | 1 2 3 4 |  4.9
Unarmed Combat | 1 2 3 4 |  4.9
Evocations     | 1 2 3 4 |  4.9
Conjurations   | 1 2 3 4 |  4.0
Hexes          | 1 2 3 4 |  4.0
Summonings     | 1 2 3 4 |  4.0
Necromancy     | 1 2 3 4 |  4.0
Transmutations | 1 2 3 4 |  4.0
Fire Magic     | 1 2 3 4 |  4.0
Ice Magic      | 1 2 3 4 |  4.0
Air Magic      | 1 2 3 4 |  4.0
Earth Magic    | 1 2 3 4 |  4.0
Poison Magic   | 1 2 3 4 |  4.0
Throwing       | 3 4 5 |  5.6
Armour         | 3 4 5 |  5.6
Fighting       | 5 6 |  6.8
Long Blades    | 5 6 |  6.8
Dodging        | 5 6 |  6.8
Translocations | 6 |  6.9

Action                   |  1- 3 |  4- 6 |  7- 9 | 10-12 || total
-------------------------+-------+-------+-------+-------++-------
Melee: Falchion          |    23 |     1 |       |       ||    24
       Quarterstaff      |    32 |    34 |       |       ||    66
       Bite              |     7 |    20 |    38 |     1 ||    66
       Dagger            |       |   184 |   131 |       ||   315
       Punch             |       |     7 |    11 |       ||    18
       Kick              |       |       |    42 |       ||    42
       Rapier            |       |       |   120 |     2 ||   122
 Fire: Hunting sling     |       |    29 |       |       ||    29
Throw: Boomerang         |     7 |       |    76 |     2 ||    85
       Dart              |     9 |    36 |     2 |       ||    47
       Stone             |    85 |    62 |       |       ||   147
       Javelin           |       |       |    72 |     3 ||    75
       Throwing net      |       |       |     1 |       ||     1
 Cast: Blink             |       |     7 |    23 |     1 ||    31
       Teleport Other    |       |     1 |       |       ||     1
       Lesser Beckoning  |       |       |     1 |       ||     1
Invok: Recall Undead Har |       |       |     3 |       ||     3
Evoke: Wand              |       |     1 |     3 |       ||     4
  Use: Scroll            |     2 |     2 |     5 |       ||     9
       Potion            |       |     2 |    14 |       ||    16
 Stab: Paralysed         |       |     1 |     4 |       ||     5
Armor: Ring mail         |    36 |   103 |    87 |       ||   226
       Leather armour    |     1 |       |    36 |       ||    37
Dodge: Dodged            |    52 |   127 |   365 |     1 ||   545

Table legend: (Time is in decaauts)
 A = Elapsed time spent in this place.
 B = Non-inter-level travel time spent in this place.
 C = Inter-level travel time spent in this place.
 D = Time resting spent in this place.
 E = Time spent auto-exploring this place.
 F = Levels seen in this place.
 G = Mean time per level.
                   A        B        C        D        E       F      G
               +--------+--------+--------+--------+--------+-----+--------+
         Total |  13441 |  12664 |    777 |   4077 |   6015 |   8 | 1680.1 |
       Dungeon |  13264 |  12525 |    739 |   4077 |   5954 |   7 | 1894.9 |
        Temple |    177 |    139 |     38 |      0 |     61 |   1 |  177.0 |
               +--------+--------+--------+--------+--------+-----+--------+

Top non-repeatable levels by time:
     D:4: 2938 daAuts
     D:6: 2186 daAuts
     D:3: 1873 daAuts
     D:5: 1837 daAuts
     D:7: 1831 daAuts
     D:1: 1791 daAuts
     D:2: 806 daAuts
  Temple: 177 daAuts
